 Dungeon Crawl Stone Soup version 0.26.0-45-g9c1d065592 (webtiles) character file.

Game seed: 14397324645689108516

(classic levelgen) 161 thiole the Stinger (level 5, -2/31 HPs)
             Began as an Octopode Venom Mage on Jan 30, 2021.
             Slain by a mummy (18 damage)
             ... on level 5 of the Dungeon.
             The game lasted 00:06:18 (3420 turns).

thiole the Stinger (Octopode Venom Mage)            Turns: 3420, Time: 00:06:19

Health: -2/31      AC:  1    Str:  7    XL:     5   Next: 42%
Magic:  8/8        EV: 13    Int: 19    God:
Gold:   173        SH:  4    Dex: 12    Spells: 1/8 levels left

rFire    . . .     SeeInvis .   k - +1 dagger (speed)
rCold    . . .     Faith    .   f - +0 buckler
rNeg     . . .     Spirit   .   (helmet restricted)
rPois    .         Reflect  .   (no amulet)
rElec    .         Harm     .   (no ring)
rCorr    .         Rampage  .   (no ring)
Will     .....                  (no ring)
Stlth    +++.......             (no ring)
HPRegen  0.10/turn              (no ring)
MPRegen  0.11/turn              (no ring)
                                (no ring)
                                (no ring)

@: no status effects
A: almost no armour, stealthy swim, amphibious, 8 rings, constrict 8, camouflage
1, gelatinous body 1
a: no special abilities


You were on level 5 of the Dungeon.
You visited 1 branch of the dungeon, and saw 5 of its levels.

You collected 173 gold pieces.

Inventory:

Hand Weapons
 i - a +2 dagger of venom
 j - a +4 dagger
 k - a +1 dagger of speed (weapon)
Armour
 f - a +0 buckler (worn)
Wands
 b - a wand of iceblast (11)
Scrolls
 a - 4 scrolls of identify
 c - a scroll of remove curse
Potions
 m - a potion of lignification {unknown}
 n - a potion of flight {unknown}
 p - a potion of might {unknown}


   Skills:
 - Level 2.0 Dodging
 - Level 2.6 Stealth
 + Level 2.9 Shields
 - Level 2.0 Spellcasting
 - Level 2.0 Transmutations
 - Level 3.0 Fire Magic
 - Level 4.0 Poison Magic


You had one spell level left.
You knew the following spells:

 Your Spells              Type           Power        Failure   Level
a - Sting                 Tmut/Pois      52%          5%          1
b - Mephitic Cloud        Conj/Pois/Air  6%           32%         3
c - Ignite Poison         Fire/Tmut/Pois 13%          16%         3

Your spell library contained the following spells:

 Spells                   Type           Power        Failure   Level
 Poisonous Vapours        Pois/Air       18%          12%         2
 Olgreb's Toxic Radiance  Pois           17%          34%         4


Dungeon Overview and Level Annotations

Branches:
Dungeon (5/15)
 Temple: D:4-7

Altars:
Makhleb
Ru

Portals:
Ossuary: D:5

Annotations:
D:5 Dowan, Duvessa


Innate Abilities, Weirdness & Mutations

You cannot wear most types of armour.
You are very stealthy in the water. (Stealth+)
You are amphibious.
You can wear up to eight rings at the same time.
You can use your tentacles to constrict eight enemies at once.
Your skin changes colour to match your surroundings (Stealth+).
Your rubbery body absorbs attacks. (AC +1, EV +1)


Message History

You see here a short sword.
Found a stone staircase leading down and a stone staircase leading up.
A leopard gecko skeleton comes into view.
Found a scroll of remove curse and a dagger.
The leopard gecko skeleton misses you.
You barely miss the leopard gecko skeleton.
You grab the leopard gecko skeleton. You squeeze the leopard gecko skeleton.
The leopard gecko skeleton is heavily damaged.
You constrict the leopard gecko skeleton.
The leopard gecko skeleton bites you.
You hit the leopard gecko skeleton.
You destroy the leopard gecko skeleton!
c - a scroll of remove curse You hear the slow hiss of an avalanche of sand.
You open the door.
A mummy comes into view.
Found a sand-covered staircase.
The mummy hits you!!
Ouch! That really hurt!
You die...

.######.#..#.#
.............#
..####.##.###
##..##.# #...#..#
.......#...)###
#.....###.....#
.....##M##..#.#
....###@###...#
...#.......#..##
..###.....###..##
##...## ##..##
###+###.###+###..##
..................#
.#..#####..########
.. .....# #######


You could see a mummy.

Vanquished Creatures
  Ijyb (D:4)
  A worker ant (D:4)
  Robin (D:2)
  An adder (D:3)
  An ooze (D:1)
  2 worms
  A leopard gecko (D:1)
  8 orcs (D:3)
  2 ball pythons
  2 giant cockroaches
  15 goblins
  8 hobgoblins
  7 jackals
  4 kobolds
  9 bats
  A frilled lizard (D:2)
  A leopard gecko skeleton (D:5)
  3 rats
68 creatures vanquished.

Notes
Turn   | Place    | Note
-------+----------+-------------------------------------------
     0 | D:1      | thiole the Octopode Venom Mage began the quest for the Orb.
     0 | D:1      | Reached XP level 1. HP: 11/11 MP: 3/3
   156 | D:1      | Reached skill level 4 in Poison Magic
   206 | D:1      | Reached XP level 2. HP: 17/17 MP: 0/5
   379 | D:1      | Reached skill level 1 in Fire Magic
   797 | D:1      | Reached XP level 3. HP: 20/21 MP: 3/6
  1065 | D:2      | Learned a level 3 spell: Mephitic Cloud
  1517 | D:2      | Noticed Robin
  1543 | D:2      | Killed Robin
  1570 | D:2      | Reached XP level 4. HP: 15/27 MP: 0/7
  2105 | D:2      | Learned a level 3 spell: Ignite Poison
  2542 | D:3      | Found a burning altar of Makhleb.
  2544 | D:3      | Reached skill level 1 in Shields
  2608 | D:3      | Found a sacrificial altar of Ru.
  3248 | D:4      | Noticed Ijyb
  3257 | D:4      | Killed Ijyb
  3258 | D:4      | Reached XP level 5. HP: 27/31 MP: 0/8
  3300 | D:5      | Entered Level 5 of the Dungeon
  3340 | D:5      | Noticed Duvessa
  3340 | D:5      | Noticed Dowan
  3419 | D:5      | Found a sand-covered staircase.
  3420 | D:5      | Slain by a mummy

Illustrated notes

Levels and vault maps discovered:
D:1:      minmay_arrival_four_houses, layout_rooms
D:2:      layout_basic, minmay_pentomino_o2, uniq_robin
D:3:      layout_rooms, lemuel_coloured_pillars_altar, roderic_st_hans_cross,
          kennysheep_path_1, corexii_shack, nicolae_ru_sacrificial_ziggurat
D:4:      layout_cave_pods, uniq_ijyb
D:5:      layout_basic, minmay_temple_entry_glassed_door,
          nicolae_ossuary_entry_giza, serial_shops,
          nicolae_shop_window_shopping, grunt_ministairs_1, okawaru_gym_becter,
          uniq_duvessa

Skill      XL: |  1  2  3  4 |
---------------+-------------+-----
Poison Magic   | 4 |  4.0
Fire Magic     | 1 2 3 |  3.0
Transmutations | 2 |  2.0
Shields        | 2 |  2.9
Dodging        | |  2.0
Stealth        | |  2.6
Spellcasting   | |  2.0

Action                   |  1- 3 |  4- 6 || total
-------------------------+-------+-------++-------
Melee: Unarmed           |    37 |       ||    37
       Constrict         |     9 |    11 ||    20
       Tentacles         |     5 |     8 ||    13
       Dagger            |       |    55 ||    55
 Cast: Sting             |    55 |    50 ||   105
       Mephitic Cloud    |       |     1 ||     1
  Use: Scroll            |       |     7 ||     7
       Potion            |       |     2 ||     2
 Stab: Sleeping          |       |     1 ||     1
Armor: Skin              |     3 |     6 ||     9
Dodge: Dodged            |    22 |    30 ||    52
Block: Buckler           |     2 |     3 ||     5
